 Dungeon Crawl Stone Soup version 0.28-a0-1524-ge72afd5fc6 (webtiles) character file.

Game seed: 7331861740820827667

277 psuckher the Conjurer (level 6, -3/70 HPs)
             Began as a Draconian Conjurer on Jan 17, 2022.
             Was an Elder of Jiyva.
             Slain by a komodo dragon (11 damage)
             ... on level 5 of the Dungeon.
             The game lasted 00:23:05 (3658 turns).

psuckher the Conjurer (Draconian Conjurer)          Turns: 3658, Time: 00:23:06

Health: -3/70      AC: 23    Str: 10    XL:     6   Next: 4%
Magic:  10/10      EV:  2    Int: 20    God:    Jiyva [****..]
Gold:   118        SH:  0    Dex:  9    Spells: 4/10 levels left

rFire   . . .      SeeInvis .   d - +2 short sword (elec)
rCold   . . .      Faith    .   (no shield)
rNeg    . . .      Spirit   .   (armour unavailable)
rPois   +          Reflect  .   (helmet currently unavailable)
rElec   .          Harm     .   (cloak currently unavailable)
rCorr   +          Rampage  .   (gloves currently unavailable)
Will    +....      NoTele   +   (boots currently unavailable)
Stlth   ++........              (no amulet)
HPRegen 1.49/turn               h - ring of willpower
MPRegen 0.52/turn               (no ring)

@: tree-form
A: stationary, stasis, torment immunity, boosted hp, AC +6, unfitting armour,
(cold-blooded), (eyeballs 3), (translucent skin 1)
a: Renounce Religion, Oozemancy, Slimify


You were on level 5 of the Dungeon.
You worshipped Jiyva.
Jiyva was greatly pleased with you.
You were a tree.
You visited 1 branch of the dungeon, and saw 5 of its levels.

You collected 118 gold pieces.

Inventory:

Hand Weapons
 b - a +0 short sword
 d - a +2 short sword of electrocution (weapon)
 g - a +0 short sword of venom
Jewellery
 h - a ring of willpower (left branch)
Potions
 f - a potion of lignification
 k - a potion of might {unknown}
 l - a potion of flight {unknown}


   Skills:
 + Level 1.1 Fighting
 + Level 1.8 Short Blades
 + Level 3.2 Dodging
 + Level 2.1 Stealth
 + Level 0.3 Unarmed Combat
 + Level 2.7 Spellcasting
 + Level 5.4 Conjurations


You had 4 spell levels left.
You knew the following spells:

 Your Spells              Type           Power      Damage    Failure   Level
a - Magic Dart            Conj           96%        1d7       1%          1
b - Searing Ray           Conj           48%        2d6       2%          2
c - Dazzling Flash        Conj/Hex       26%        N/A       14%         3

Your spell library contained the following spells:

 Spells                   Type           Power      Damage    Failure   Level
 Animate Skeleton         Necr           4%         N/A       14%         1
 Pain                     Necr           8%         1d4       14%         1
 Vampiric Draining        Necr           2%         2d6       41%         3
 Fulminant Prism          Conj/Hex       6%         3d7       43%         4
 Iskenderun's Mystic Bla  Conj/Tloc      13%        2d5       43%         4


Dungeon Overview and Level Annotations

Branches:
Dungeon (5/15)
 Temple: D:4-7

Altars:
Fedhas
Jiyva

Shops:
D:1 (


Innate Abilities, Weirdness & Mutations

You are a tree.
Your roots penetrate the ground, keeping you stationary.
You cannot be teleported.
You are immune to unholy pain and torment.
Your maximum health is greatly increased.
Your equipment is partially melded.
((Your plain brown scales are hard. (AC +6)))
You cannot fit into any form of body armour.
((You are cold-blooded and may be slowed by cold attacks.))
((Your body is covered in eyes which may confuse attackers. (Acc +7, SInv)))
((Your translucent skin slightly reduces your foes' accuracy. (Stealth+)))


Message History

The komodo dragon is lightly wounded.
The komodo dragon completely misses you.
You hit the komodo dragon.
The komodo dragon is lightly wounded.
The komodo dragon completely misses you.
You hit the komodo dragon.
You tail-slap the komodo dragon, but do no damage.
The komodo dragon is moderately wounded.
The komodo dragon bites you!
Aiming: Magic Dart (safe; 1% risk of failure)
Press: ? - help, Q - select action, (/) - cycle Shift-Dir - straight line, f/p - komodo dragon
Aim: a komodo dragon (moderately wounded, 100% to hit)
The magic dart hits the komodo dragon but does no damage.
The komodo dragon is moderately wounded.
The komodo dragon bites you!!
Ouch! That really hurt!
* * * LOW HITPOINT WARNING * * *
You turn into a tree.
Your roots penetrate the ground.
The komodo dragon bites you but does no damage.
You hit the komodo dragon.
The komodo dragon is moderately wounded.
The komodo dragon bites you.
* * * LOW HITPOINT WARNING * * *
You barely miss the komodo dragon.
The komodo dragon is moderately wounded.
The komodo dragon bites you but does no damage.
You hit the komodo dragon.
The komodo dragon is moderately wounded.
The komodo dragon bites you but does no damage.
You barely miss the komodo dragon.
The komodo dragon is moderately wounded.
The komodo dragon bites you!
* * * LOW HITPOINT WARNING * * *
Aiming: Magic Dart (safe; 1% risk of failure)
Press: ? - help, Q - select action, (/) - cycle Shift-Dir - straight line, f/p - komodo dragon
Aim: a komodo dragon (moderately wounded, 100% to hit)
The magic dart hits the komodo dragon.
The komodo dragon is heavily wounded.
The komodo dragon bites you!
You die...

. #.#.#.:≈.≈##≈SS##≈#
. #.#.#[.≈P)#≈≈.S≈#≈#
#.#.#.#.P.PP#.?$≈≈#≈#
#.#.#.#.....#[..P.#≈#
#.....# #P≈.P≈#≈#
###..## #.....#.#
#<#.#..##### #†#
#...##...≈≈##+ ##.#
##### #≈l♣####.##
###...≈≈## #######


You could see a komodo dragon.

Vanquished Creatures
  Sigmund (D:2)
  An iguana (D:4)
  3 adders
  An ufetubus (D:4)
  2 worms
  2 dart slugs
  An orc (D:3)
  9 bats
  2 endoplasms (D:1)
  2 giant cockroaches
  6 goblins
  7 hobgoblins
  2 jackals (D:2)
  3 quokkas
  4 ball pythons
  3 frilled lizards
  12 kobolds
  2 rats (D:1)
63 creatures vanquished.

Vanquished Creatures (others)
  3 adders
  An orc (D:3)
  2 ball pythons
  2 endoplasms (D:3)
  2 hobgoblins
  A jackal (D:3)
  A bat (D:3)
  A quokka skeleton (D:4)
13 creatures vanquished.

Grand Total: 76 creatures vanquished

Notes
Turn   | Place    | Note
-------+----------+-------------------------------------------
     0 | D:1      | psuckher the Draconian Conjurer began the quest for the
                  | Orb.
     0 | D:1      | Reached XP level 1. HP: 14/14 MP: 3/3
   121 | D:1      | Reached XP level 2. HP: 11/20 MP: 0/5
   372 | D:1      | Found Icoxi's Antique Weapon Shop.
   819 | D:1      | Found a faded altar of an unknown god.
   828 | D:1      | Prayed at the altar of an unknown god.
   828 | D:1      | Became a worshipper of Jiyva Jotoriw the Shapeless
   828 | D:1      | Reached * piety under Jiyva
  1017 | D:2      | Noticed Sigmund
  1028 | D:2      | Killed Sigmund
  1029 | D:2      | Reached skill level 1 in Short Blades
  1029 | D:2      | Reached skill level 5 in Conjurations
  1029 | D:2      | Reached XP level 3. HP: 9/27 MP: 6/6
  1029 | D:2      | Reached XP level 4. HP: 11/34 MP: 7/7
  1029 | D:2      | Reached XP level 5. HP: 13/39 MP: 8/8
  1276 | D:2      | Reached ** piety under Jiyva
  1977 | D:3      | Reached skill level 1 in Fighting
  2263 | D:3      | Reached *** piety under Jiyva
  2338 | D:4      | Gained mutation: Your body has grown eyes which may confuse
                  | attackers. (Acc +3) [Jiyva's grace]
  2338 | D:4      | Gained mutation: Your body has grown many eyes which may
                  | confuse attackers. (Acc +5) [Jiyva's grace]
  2338 | D:4      | Gained mutation: Your body is covered in eyes which may
                  | confuse attackers. (Acc +7, SInv) [Jiyva's grace]
  2338 | D:4      | Gained mutation: Your translucent skin slightly reduces
                  | your foes' accuracy. (Stealth+) [Jiyva's grace]
  2575 | D:3      | Found a blossoming altar of Fedhas.
  2966 | D:4      | Reached **** piety under Jiyva
  3089 | D:4      | Reached XP level 6. HP: 36/47 MP: 10/10
  3318 | D:4      | Learned a level 2 spell: Searing Ray
  3322 | D:4      | Learned a level 3 spell: Dazzling Flash
  3585 | D:5      | Entered Level 5 of the Dungeon
  3638 | D:5      | Noticed a komodo dragon
  3658 | D:5      | Slain by a komodo dragon

Illustrated notes

Levels and vault maps discovered:
D:1:      erik_arrival_cave_to_civilisation [erik_arrival_cave_to_hall],
          layout_loops_ring, hellmonk_ecumenical_altar_heavens_door,
          serial_shops, nicolae_shop_hallway_stairs,
          chequers_serial_rivers_marsh, minmay_pentomino_z2
D:2:      layout_loops_ring, kennysheep_boxes, uniq_sigmund
D:3:      minmay_chambers_of_threes, layout_loops_cross,
          mainiacjoe_overflow_concentric_impassable,
          nicolae_overflow_hidden_temple, kennysheep_generic_room_2
D:4:      layout_cave_pods
D:5:      cheibrodos_two_vegetables, layout_basic, mainiacjoe_overflow_brackets,
          grunt_ministairs_7, nicolae_shop_dragon_depot, nicolae_sextant

Skill      XL: |  1  2  3  4  5 |
---------------+----------------+-----
Dodging        | 2 3 |  3.2
Short Blades   | 1 |  1.8
Stealth        | 2 |  2.1
Conjurations   | 5 |  5.4
Fighting       | 1 |  1.1
Unarmed Combat | |  0.3
Spellcasting   | |  2.7

Action                   |  1- 3 |  4- 6 || total
-------------------------+-------+-------++-------
Melee: Unarmed           |    26 |       ||    26
       Short sword       |    17 |    82 ||    99
       Tailslap          |     4 |    12 ||    16
 Cast: Magic Dart        |    26 |    48 ||    74
  Use: Scroll            |       |     5 ||     5
       Potion            |       |     1 ||     1
Armor: Skin              |    31 |    31 ||    62
Dodge: Dodged            |    54 |    79 ||   133

Table legend: (Time is in decaauts)
 A = Elapsed time spent in this place.
 B = Non-inter-level travel time spent in this place.
 C = Inter-level travel time spent in this place.
 D = Time resting spent in this place.
 E = Time spent auto-exploring this place.
 F = Levels seen in this place.
 G = Mean time per level.
                   A        B        C        D        E       F      G
               +--------+--------+--------+--------+--------+-----+--------+
         Total |   3673 |   2938 |    735 |      0 |      0 |   5 |  734.6 |
       Dungeon |   3673 |   2938 |    735 |      0 |      0 |   5 |  734.6 |
               +--------+--------+--------+--------+--------+-----+--------+

Top non-repeatable levels by time:
     D:4: 1038 daAuts
     D:1: 1015 daAuts
     D:2: 890 daAuts
     D:3: 647 daAuts
     D:5: 80 daAuts
